 Dungeon Sprint DCSS version 0.28.0-53-g5a82cb258f (webtiles) character file.

Game seed: 13503036340318428877

7200000 Zeld the Intangible (level 27, -31/228 HPs)
             Began as a Djinni Monk on June 5, 2022.
             Was the Champion of Makhleb.
             Annihilated by a bag of meat
             ... wielding a +9 war axe
              (32 damage)
             ... in the Dungeon (Sprint VIII: "Arena of Blood").
             The game lasted 00:01:52 (72 turns).

Zeld the Intangible (Djinni Monk)                     Turns: 72, Time: 00:01:55

Health: -31/228    AC:  4    Str: 20    XL:     27
Gold:   0          EV: 30    Int: 14    God:    Makhleb [******] SH:  0 Dex: 18

rFire   + + .      SeeInvis .   g - +∞ Axe of Woe
rCold   x . .      Faith    .   (shield currently unavailable)
rNeg    . . .      Spirit   .   a - +0 robe
rPois   ∞          Reflect  .   (no helmet)
rElec   .          Harm     .   (no cloak)
rCorr   .          Rampage  .   (no gloves)
Will    ++...      NoTele   +   (boots unavailable)
Stlth   +++++++...              (no amulet)
HPRegen 0.48/turn               (no ring)
MPRegen 0.00/turn               (no ring)

@: in a vortex, flying, very slightly contaminated
A: sickness immunity, fire resistance 2, cold vulnerability 1, float, innate
caster, HP casting, extra vitality 1
a: Renounce Religion, Minor Destruction, Lesser Servant of Makhleb, Major
Destruction, Greater Servant of Makhleb


You were in the Dungeon.
You worshipped Makhleb.
Makhleb was exalted by your worship.
You visited 1 branch

Inventory:

Hand Weapons
 g - the +∞ Axe of Woe (weapon)
   (You found it in the Dungeon)
Armour
 a - a +0 robe (worn)
Jewellery
 h - a +30 ring of slaying
Scrolls
 f - a scroll of blinking
Potions
 b - a potion of curing
 d - a potion of haste
 e - a potion of berserk rage


   Skills:
 O Level 27 Fighting
 O Level 27 Short Blades
 O Level 27 Long Blades
 O Level 27 Axes
 O Level 27 Maces & Flails
 O Level 27 Polearms
 O Level 27 Staves
 O Level 27 Slings
 O Level 27 Bows
 O Level 27 Crossbows
 O Level 27 Throwing
 O Level 27 Armour
 O Level 27 Dodging
 + Level 19.2 Stealth
 O Level 27 Shields
 O Level 27 Unarmed Combat
 O Level 27 Spellcasting
 O Level 27 Invocations
 O Level 27 Evocations


You had 9 spell levels left.
You knew the following spells:

 Your Spells              Type           Power      Damage    Failure   Level
a - Sting                 Tmut/Pois      100%       1d8       0%          1
b - Call Imp              Summ           76%        N/A       0%          2
c - Wereblood             Tmut           76%        N/A       0%          2
d - Cause Fear            Hex            38%        N/A       0%          4
e - Fireball              Conj/Fire      38%        3d16      0%          5
f - Summon Mana Viper     Hex/Summ       76%        N/A       0%          5
g - Summon Cactus Giant   Summ           38%        N/A       0%          6
h - Orb of Destruction    Conj           38%        9d11      1%          7
i - Eringya's Noxious Bo  Tmut/Pois      38%        N/A       0%          6
j - Haunt                 Necr/Summ      38%        N/A       1%          7
k - Infestation           Necr           38%        N/A       1%          8
l - Polar Vortex          Ice            38%        N/A       2%          9
m - Death's Door          Necr           38%        N/A       2%          9
Your spell library was empty.

Dungeon Overview and Level Annotations

Branches:
Dungeon (1/1)

Altars:
Makhleb


Innate Abilities, Weirdness & Mutations

You are immune to sickness and miasma.
You are immune to poison.
Your flesh is very heat resistant. (rF++)
You are vulnerable to cold. (rC-)
You float through the air rather than walking.
You learn spells naturally, not from books.
Your magical power is your life essence.
You have superior vitality. (+4 MHP)


Message History

The bag of meat convulses!
You hear a shout! x4
The dread throws damnation at you.
The sphere of damnation explodes!
The damnation engulfs you!!
* * * LOW HITPOINT WARNING * * *
You hear a shout!
The accursed gestures at you while chanting.
Something smites you!
* * * LOW HITPOINT WARNING * * *
You hear a shout!
Your Stealth skill gained 14 levels and is now at level 19!
You have mastered Unarmed Combat!
A meat berserker comes into view. It is wielding a +9 battleaxe.
Unknown command.
Unknown command.
You feel much better.
You kill the bag of meat!
Makhleb accepts your kill.
You feel better.
Flame seeps out of the large bag of meat.
You hear a shout! x4
The accursed gestures at you while chanting.
Something smites you!
* * * LOW HITPOINT WARNING * * *
The tyrant waves its bony arms in wide circles.
The air twists around and strikes you!!
* * * LOW HITPOINT WARNING * * *
A meat berserker comes into view. It is wielding a +9 battleaxe.
You hear a shout! x2
The eight-headed meat hydra calls on the powers of darkness!
The eight-headed meat hydra convulses!
The meat berserker convulses!
Your body is wracked with pain!
* * * LOW HITPOINT WARNING * * *
The bag of meat convulses!
The large bag of meat convulses!
Flame seeps out of the large bag of meat.
The accursed gestures at you while chanting.
Something smites you!
* * * LOW HITPOINT WARNING * * *
The bag of meat hits you with a +9 war axe!!
You die...

. #.......# #OW.
#.......#
....###.... ..###.
.........###..M...
.#.§§§z§§§§§......
...§§§M#§§§§.#....
...§§§§#O§§○_# .
...§§Wo#§§§§.#..
.#.§o§§@§z2§....
...§W§§§§###......
...§###§§§L§..###.
.... #§§§§§..# .
#§§§§§..#
..D.......
......O....
.....L.....
...........#


You could see 2 accurseds, a meat beast (fast), 2 tyrants, an eight-headed meat
hydra, 2 sculptors of flesh, a large bag of meat (inner flame), 3 dreads, 2 meat
berserkers and 2 bags of meat.

Vanquished Creatures
  4 hell beasts (D)
  2 royal mummies (D)
  14 vampire knights (D)
  29 ogres (D)
  2 two-headed ogres (D)
  2 liches (D)
  27 orcs (D)
  2 skeletal warriors (D)
82 creatures vanquished.

Notes
Turn   | Place    | Note
-------+----------+-------------------------------------------
     0 | D        | Found the +∞ Axe of Woe
     0 | D        | Zeld the Djinni Monk began the quest for the Orb.
     0 | D        | Reached XP level 1. HP: 20/20 MP: 0/0
     0 | D        | Noticed a bag of meat
     4 | D        | Became a worshipper of Makhleb the Destroyer
     4 | D        | Reached * piety under Makhleb
     4 | D        | Reached ** piety under Makhleb
     5 | D        | Killed a bag of meat
     6 | D        | Reached XP level 2. HP: 40/40 MP: 0/0
     6 | D        | Reached XP level 3. HP: 45/45 MP: 0/0
     6 | D        | Learned a level 1 spell: Sting
     6 | D        | Reached XP level 4. HP: 51/51 MP: 0/0
     6 | D        | Reached XP level 5. HP: 57/57 MP: 0/0
     6 | D        | Learned a level 2 spell: Call Imp
     6 | D        | Reached XP level 6. HP: 63/63 MP: 0/0
     6 | D        | Reached XP level 7. HP: 68/68 MP: 0/0
     6 | D        | Learned a level 2 spell: Wereblood
     6 | D        | Reached XP level 8. HP: 75/75 MP: 0/0
     6 | D        | Reached XP level 9. HP: 80/80 MP: 0/0
     6 | D        | Learned a level 4 spell: Cause Fear
     6 | D        | Reached XP level 10. HP: 86/86 MP: 0/0
     6 | D        | Reached XP level 11. HP: 92/92 MP: 0/0
     6 | D        | Learned a level 5 spell: Fireball
     7 | D        | Noticed a meat berserker
     9 | D        | Noticed a bag of meat
    11 | D        | Noticed a bag of meat
    11 | D        | Noticed a meat berserker
    12 | D        | Killed a meat berserker
    12 | D        | Noticed a bag of meat
    12 | D        | Noticed a meat berserker
    13 | D        | Reached XP level 12. HP: 69/103 MP: 0/0
    13 | D        | Reached XP level 13. HP: 73/109 MP: 0/0
    13 | D        | Learned a level 5 spell: Summon Mana Viper
    13 | D        | Noticed a bag of meat
    13 | D        | Noticed a bag of meat
    14 | D        | Noticed a bag of meat
    14 | D        | Noticed a large bag of meat
    14 | D        | Noticed a bag of meat
    14 | D        | Noticed a bag of meat
    14 | D        | Noticed a meat berserker
    15 | D        | Killed a meat berserker
    15 | D        | Reached *** piety under Makhleb
    15 | D        | Noticed a bag of meat
    15 | D        | Noticed a meat berserker
    15 | D        | Noticed a meat berserker
    15 | D        | Noticed a meat berserker
    16 | D        | Reached skill level 15 in Invocations
    16 | D        | Reached XP level 14. HP: 76/121 MP: 0/0
    16 | D        | Killed a meat berserker
    16 | D        | Killed a meat berserker
    16 | D        | Noticed a bag of meat
    16 | D        | Noticed a meat berserker
    17 | D        | Reached skill level 15 in Axes
    17 | D        | Reached XP level 15. HP: 131/131 MP: 0/0
    17 | D        | Learned a level 6 spell: Summon Cactus Giant
    17 | D        | Reached **** piety under Makhleb
    18 | D        | Reached skill level 15 in Spellcasting
    18 | D        | Reached XP level 16. HP: 141/141 MP: 0/0
    18 | D        | Killed a meat berserker
    18 | D        | Reached ***** piety under Makhleb
    19 | D        | Killed a meat berserker
    20 | D        | Reached XP level 17. HP: 93/154 MP: 0/0
    20 | D        | Learned a level 7 spell: Orb of Destruction
    20 | D        | Killed a meat berserker
    21 | D        | Reached XP level 18. HP: 141/163 MP: 0/0
    21 | D        | Killed a meat berserker
    22 | D        | Reached skill level 27 in Dodging
    22 | D        | Killed a large bag of meat
    22 | D        | Reached ****** piety under Makhleb
    23 | D        | Reached skill level 27 in Fighting
    23 | D        | Reached XP level 19. HP: 156/174 MP: 0/0
    23 | D        | Learned a level 6 spell: Eringya's Noxious Bog
    23 | D        | Noticed a meat berserker
    25 | D        | Reached skill level 27 in Axes
    25 | D        | Reached skill level 27 in Invocations
    25 | D        | Noticed a meat berserker
    26 | D        | Noticed a destroyer
    27 | D        | Noticed a destroyer
    27 | D        | Noticed a meat berserker
    27 | D        | Noticed a large bag of meat
    28 | D        | Noticed a meat berserker
    28 | D        | Killed a meat berserker
    29 | D        | Reached XP level 20. HP: 158/181 MP: 0/0
    29 | D        | Noticed a destroyer
    29 | D        | Killed a meat berserker
    30 | D        | Reached skill level 27 in Spellcasting
    30 | D        | Noticed a destroyer
    32 | D        | Killed a meat berserker
    33 | D        | Reached skill level 5 in Short Blades
    33 | D        | Reached skill level 5 in Long Blades
    33 | D        | Reached skill level 5 in Armour
    33 | D        | Reached skill level 5 in Shields
    33 | D        | Reached skill level 5 in Evocations
    33 | D        | Killed a meat berserker
    33 | D        | Noticed a destroyer
    34 | D        | Reached skill level 5 in Slings
    34 | D        | Reached skill level 5 in Bows
    34 | D        | Reached skill level 5 in Crossbows
    34 | D        | Reached skill level 5 in Throwing
    34 | D        | Killed a destroyer
    34 | D        | Killed a destroyer
    35 | D        | Reached skill level 10 in Armour
    35 | D        | Reached skill level 10 in Shields
    35 | D        | Reached skill level 10 in Evocations
    35 | D        | Reached XP level 21. HP: 187/187 MP: 0/0
    35 | D        | Learned a level 7 spell: Haunt
    35 | D        | Killed a destroyer
    36 | D        | Reached skill level 10 in Short Blades
    36 | D        | Reached skill level 10 in Long Blades
    36 | D        | Reached skill level 10 in Polearms
    36 | D        | Reached skill level 10 in Staves
    37 | D        | Killed a large bag of meat
    37 | D        | Noticed a destroyer
    38 | D        | Reached skill level 10 in Maces & Flails
    38 | D        | Reached skill level 10 in Slings
    38 | D        | Reached skill level 10 in Bows
    38 | D        | Reached skill level 10 in Crossbows
    38 | D        | Reached skill level 10 in Throwing
    39 | D        | Noticed a destroyer
    39 | D        | Noticed a destroyer
    41 | D        | Killed a destroyer
    42 | D        | Reached XP level 22. HP: 194/194 MP: 0/0
    43 | D        | Noticed a meat berserker
    43 | D        | Noticed a meat berserker
    43 | D        | Noticed a destroyer
    43 | D        | Noticed a meat berserker
    44 | D        | Killed a destroyer
    44 | D        | Killed a destroyer
    45 | D        | Noticed a tyrant
    45 | D        | Killed a destroyer
    45 | D        | Noticed a meat berserker
    45 | D        | Noticed a meat berserker
    46 | D        | Reached skill level 15 in Armour
    46 | D        | Reached skill level 15 in Shields
    46 | D        | Reached skill level 15 in Evocations
    46 | D        | Reached XP level 23. HP: 201/201 MP: 0/0
    46 | D        | Learned a level 8 spell: Infestation
    46 | D        | Noticed a destroyer
    46 | D        | Noticed a tyrant
    46 | D        | Noticed a destroyer
    47 | D        | Noticed an accursed
    47 | D        | Killed a destroyer
    47 | D        | Killed a destroyer
    48 | D        | Reached skill level 15 in Maces & Flails
    48 | D        | Reached skill level 15 in Polearms
    48 | D        | Reached skill level 15 in Staves
    48 | D        | Killed a destroyer
    48 | D        | Noticed a destroyer
    49 | D        | Reached skill level 15 in Slings
    49 | D        | Reached skill level 15 in Bows
    49 | D        | Reached skill level 15 in Crossbows
    49 | D        | Reached skill level 15 in Throwing
    49 | D        | Noticed a destroyer
    50 | D        | Reached XP level 24. HP: 194/208 MP: 0/0
    52 | D        | Killed a tyrant
    53 | D        | Reached XP level 25. HP: 214/214 MP: 0/0
    53 | D        | Learned a level 9 spell: Polar Vortex
    53 | D        | Noticed a destroyer
    55 | D        | Noticed an accursed
    56 | D        | Killed a destroyer
    56 | D        | Noticed an accursed
    60 | D        | Killed a destroyer
    60 | D        | Killed a tyrant
    60 | D        | Killed a destroyer
    61 | D        | Reached XP level 26. HP: 150/221 MP: 0/0
    61 | D        | Killed a destroyer
    61 | D        | Noticed a meat beast
    62 | D        | Killed an accursed
    62 | D        | Noticed a meat beast
    63 | D        | Reached XP level 27. HP: 94/228 MP: 0/0
    63 | D        | Learned a level 9 spell: Death's Door
    65 | D        | Killed an accursed
    65 | D        | Noticed a meat beast
    66 | D        | Killed a meat beast
    66 | D        | Killed a meat beast
    66 | D        | Noticed a large bag of meat
    66 | D        | Noticed a tyrant
    66 | D        | Noticed an accursed
    67 | D        | Reached skill level 27 in Short Blades
    67 | D        | Reached skill level 27 in Long Blades
    67 | D        | Reached skill level 27 in Staves
    67 | D        | Reached skill level 27 in Armour
    67 | D        | Reached skill level 27 in Shields
    67 | D        | Reached skill level 27 in Evocations
    67 | D        | Noticed a meat beast
    67 | D        | Noticed a dread
    68 | D        | Noticed a tyrant
    69 | D        | Noticed a dread
    69 | D        | HP: 2/228 [meat berserker/+9 battleaxe (50)]
    70 | D        | Killed a meat beast
    70 | D        | Noticed a meat beast
    71 | D        | Reached skill level 27 in Maces & Flails
    71 | D        | Reached skill level 27 in Polearms
    71 | D        | Reached skill level 27 in Slings
    71 | D        | Reached skill level 27 in Bows
    71 | D        | Reached skill level 27 in Crossbows
    71 | D        | Reached skill level 27 in Throwing
    71 | D        | Reached skill level 5 in Stealth
    71 | D        | Reached skill level 15 in Unarmed Combat
    71 | D        | Killed a meat beast
    72 | D        | Reached skill level 27 in Unarmed Combat
    72 | D        | Noticed a dread
    72 | D        | Annihilated by a bag of meat

Illustrated notes

Levels and vault maps discovered:
D:        meatsprint

Skill      XL: |  1  2  3  4  5  6  7  8  9 10 11 12 13 14 15 16 17 18 19 20 21 22 23 24 25 26 27 |
---------------+----------------------------------------------------------------------------------+-----
Fighting       | 13 16 18 20 21 24 25 27 | 27.0
Axes           | 9 12 13 15 17 20 22 26 27 | 27.0
Dodging        | 14 17 19 22 23 26 27 | 27.0
Spellcasting   | 8 11 12 14 15 18 20 26 27 | 27.0
Invocations    | 11 13 15 18 19 22 23 25 27 | 27.0
Short Blades   | 9 12 14 18 20 22 24 27 | 27.0
Long Blades    | 9 12 14 18 20 22 24 27 | 27.0
Maces & Flails | 8 11 13 16 18 21 22 27 | 27.0
Polearms       | 8 11 13 16 18 21 22 27 | 27.0
Staves         | 9 11 14 17 19 21 23 27 | 27.0
Slings         | 8 10 13 15 17 20 21 27 | 27.0
Bows           | 8 10 13 15 17 20 21 27 | 27.0
Crossbows      | 8 10 13 15 17 20 21 27 | 27.0
Throwing       | 8 10 13 15 17 20 21 27 | 27.0
Armour         | 10 12 15 18 20 23 25 27 | 27.0
Shields        | 10 12 15 18 20 23 25 27 | 27.0
Evocations     | 10 12 15 18 20 23 25 27 | 27.0
Stealth        | 19 | 19.2
Unarmed Combat | 27 | 27.0

Action                   |  1- 3 |  4- 6 |  7- 9 | 10-12 | 13-15 | 16-18 | 19-21 | 22-24 | 25-27 || total
-------------------------+-------+-------+-------+-------+-------+-------+-------+-------+-------++-------
Melee: Executioner's axe |     1 |       |       |     1 |     3 |     5 |    10 |     8 |    17 ||    45
 Cast: Cause Fear        |       |       |       |     1 |       |       |       |       |       ||     1
       Polar Vortex      |       |       |       |       |       |       |       |       |     1 ||     1
  Use: Potion            |       |       |       |       |       |       |       |       |     1 ||     1
Armor: Robe              |       |       |       |       |       |       |       |       |     1 ||     1
Dodge: Dodged            |       |       |       |       |     1 |     2 |     2 |       |     2 ||     7
